 Dungeon Crawl Stone Soup version 0.18.1-50-g88ac8fd (webtiles) character file.

101438 Gargoyl the Corrupter of Planes (level 15, -7/119 HPs)
             Began as a Demonspawn Abyssal Knight on Oct 17, 2016.
             Was the Champion of Lugonu.
             Mangled by a dire flail of holy wrath (9 damage)
             ... on level 2 of the Elven Halls.
             The game lasted 00:57:22 (25126 turns).

Gargoyl the Corrupter of Planes (DsAK)             Turns: 25126, Time: 00:57:24

Health: -7/119     AC: 32    Str: 18    XL:     15   Next: 83%
Magic:  18/26      EV:  9    Int: 14    God:    Lugonu [******]
Gold:   394        SH: 13    Dex: 16    Spells: 0 memorised, 14 levels left

rFire  + + .     SeeInvis .     C - +3 broad axe (flame)
rCold  + + .     Gourm    +     d - +4 plate armour {rF+}
rNeg   + . .     Faith    .     x - +3 buckler {rC+ rF+}
rPois  .         Spirit   .     o - +2 helmet
rElec  .         Dismiss  .     f - +2 cloak "Foidoh" {rC+ MR++}
rCorr  .         Reflect  .     (gloves unavailable)
SustAt +         Harm     .     s - +1 pair of boots
MR     +++..                    J - amulet of Inivutou {Gourm Dex+3}
Stlth  ..........               E - ring of positive energy
                                D - ring of sustain attributes

@: drained, extremely resistant to hostile enchantments, extremely unstealthy
A: claws 3, large bone plates 2, powered by death 3, spiny 1
a: Depart the Abyss, Bend Space, Banish, Corrupt, Enter the Abyss, Brand Weapon
With Distortion, Renounce Religion


You were on level 2 of the Elven Halls.
You worshipped Lugonu.
Lugonu was exalted by your worship.
You were very hungry.

You visited 4 branches of the dungeon, and saw 26 of its levels.
You visited the Abyss 2 times.
You also visited: Ossuary.

You collected 2841 gold pieces.
You spent 2447 gold pieces at shops.

Inventory:

Hand Weapons
 b - a +2 broad axe
 C - a +3 broad axe of flaming (weapon)
 P - a +3 trident of venom
Missiles
 L - 28 tomahawks (quivered)
Armour
 d - a +4 plate armour of fire resistance (worn)
 f - the +2 cloak "Foidoh" (worn) {rC+ MR++}
   (You acquired it on level 13 of the Dungeon)

   It protects you from cold.
   It affects your resistance to hostile enchantments.
 o - a +2 helmet (worn)
 s - a +1 pair of boots (worn)
 x - a +3 buckler of resistance (worn)
Jewellery
 D - a ring of sustain attributes (left claw)
 E - a ring of positive energy (right claw)
 J - the amulet of Inivutou (around neck) {Gourm Dex+3}
   (You found it on level 7 of the Dungeon)

   [amulet of the gourmand]

   It allows you to eat raw meat even when not hungry.
   It affects your dexterity (+3).
 M - an uncursed ring of poison resistance {unknown}
 W - an uncursed ring of flight {unknown}
 X - an uncursed amulet of regeneration
Wands
 e - a wand of teleportation (1/9)
 n - a wand of random effects (22/48)
 q - a wand of teleportation (4/9)
 r - a wand of slowing (22/48)
 u - a wand of lightning (5/15)
 v - a wand of flame (16/48)
 F - a wand of acid (9/15)
 K - a wand of enslavement (10/24)
 T - a wand of paralysis (12/24)
 Y - a wand of polymorph (15/24)
Scrolls
 a - a scroll of blinking
 k - 16 scrolls of teleportation
 l - 5 scrolls of fog
 m - 12 scrolls of remove curse
 y - 3 scrolls of magic mapping
 I - a scroll of amnesia
 N - a scroll of summoning {unknown}
 U - a scroll of enchant weapon
 V - 4 scrolls of identify
 Z - a scroll of recharging
Potions
 g - 11 potions of curing
 i - 3 potions of resistance
 w - 3 potions of might
 z - 2 potions of magic
 A - 3 potions of flight
 B - a potion of cancellation
 O - 4 potions of brilliance
 S - a potion of ambrosia
Books
 p - a Young Poisoner's Handbook

   Spells                             Type                      Level
   a - Sting                          Conjuration/Poison           1
   b - Cure Poison                    Poison                       2
   c - Mephitic Cloud                 Conjuration/Poison/Air       3
   d - Olgreb's Toxic Radiance        Poison                       4
   e - Venom Bolt                     Conjuration/Poison           5
 G - a book of Transfigurations

   Spells                             Type                      Level
   a - Irradiate                      Conjuration/Transmutation    5
   b - Statue Form                    Transmutation/Earth          6
   c - Hydra Form                     Transmutation                6
   d - Dragon Form                    Transmutation                7
 H - a book of Callings

   Spells                             Type                      Level
   a - Summon Small Mammal            Summoning                    1
   b - Call Imp                       Summoning                    2
   c - Call Canine Familiar           Summoning                    3
   d - Summon Guardian Golem          Hexes/Summoning              3
   e - Summon Lightning Spire         Summoning/Air                4
   f - Summon Ice Beast               Ice/Summoning                4
Comestibles
 c - 20 bread rations
 h - 3 beef jerkies
 j - 9 meat rations
 t - 6 slices of pizza
 Q - 11 fruits
 R - a royal jelly


   Skills:
 + Level 11.2 Fighting
 + Level 12.6 Axes
 + Level 1.0(0.9) Throwing
 * Level 13.5 Armour
 + Level 6.0 Dodging
 + Level 10.6 Shields
 * Level 15.1 Invocations
 + Level 1.0(0.9) Evocations


You had 14 spell levels left.
You didn't know any spells.

Dungeon Overview and Level Annotations

Branches:
Dungeon (15/15)            Temple (0/1) D:5            Lair (7/8) D:11
 Shoals (0/4) Lair:6       Spider (0/4) Lair:5        Slime (0/6) Lair:7
    Orc (2/2) D:12            Elf (2/3) Orc:2        Depths (0/5) D:15
 Vaults: D:13-14

Altars:
Ashenzari
Cheibriados
Dithmenos
Fedhas
Gozag
Kikubaaqudgha
Nemelex Xobeh
Okawaru
Pakellas
Ru
Sif Muna
Vehumet
Xom
Yredelemnul
Zin
The Shining One
Beogh
Jiyva

Shops:
D:7 (   D:8 *   D:13 ?=?(?   D:14 }?=   Orc:2 ?(([

Annotations:
Lair:7 exclusion: oklob plant
Elf:2 5 runed doors


Innate Abilities, Weirdness & Mutations

You have claws for hands.
You are mostly covered in large bone plates (AC +3, SH +3).
You regenerate a lot of health from kills.
You are partially covered in sharp spines.


Message History

You convulse.
* * * LOW HITPOINT WARNING * * *
The dire flail of holy wrath hits you but does no damage.
Press: ? - help, Shift-Dir - straight line, f - dire flail of holy wrath
Aim: a dire flail of holy wrath (magic immune)
The dire flail of holy wrath is unaffected.
You are feeling very hungry.
The dire flail of holy wrath hits you.
* * * LOW HITPOINT WARNING * * *
You convulse.
* * * LOW HITPOINT WARNING * * *
Press: ? - help, Shift-Dir - straight line, f/p - dire flail of holy wrath
Aim: a dire flail of holy wrath (magic immune)
The dire flail of holy wrath is unaffected.
You feel somewhat more hungry.
You block the dire flail of holy wrath's attack.
The dire flail of holy wrath hits you!
* * * LOW HITPOINT WARNING * * *
You convulse!
You die...

..........## ##.#
>#########.## ##.##
.#### ##.###.## ....##
##.#.#### ..#..##
##.##...# .....)##
#.##.#....
#####..######}##.#####
# #............###.##
# #....####...@(....#
# #.##.# ######.....#
#####.##.# ......
......##.# .....
##.#.###.# .....
#.#.###.# $...
##....##.# ####
(........# ###.#.####


You could see a dire flail of holy wrath.

Vanquished Creatures
  The ghost of Dioneo the Carver, a journeyman HuFi of the Shining One (Orc:2)
  An orc warlord (Orc:1)
  Nessos (D:12)
  A deep elf high priest (Elf:2)
  2 rakshasas
  4 hydras
  3 catoblepae
  Erica (Lair:2)
  3 centaur warriors
  4 tengu warriors
  An ogre mage (D:15)
  3 death yaks
  9 dancing weapons
  2 orc high priests
  A deep elf knight (Elf:1)
  Sonja (D:13)
  A skeletal warrior (D:15)
  A flayed ghost (D:15)
  9 deep elf archers (Elf:1)
  5 hill giants
  A necromancer (D:15)
  2 griffons
  2 ugly things
  2 orc knights
  4 orc sorcerers
  21 deep elf magi
  2 manticores
  11 elephants
  A cyclops (D:12)
  An elf zombie (D:15)
  3 black mambas
  2 centaur zombies
  Joseph (D:7)
  9 spiny frogs
  3 torpor snails
  A guardian mummy (D:15)
  5 komodo dragons
  An entropy weaver zombie (D:15)
  3 rime drakes
  A tengu conjurer (D:14)
  7 trolls
  6 two-headed ogres
  11 slime creatures
  23 blink frogs
  A snapping turtle (Lair:6)
  An ettin zombie (D:15)
  A shadow (D:15)
  A water elemental (Elf:1)
  A wyvern (Lair:4)
  3 wraiths
  A spriggan (D:7)
  A fire elemental (Elf:1)
  40 yaks
  A hog (shapeshifter) (D:14)
  2 hungry ghosts
  11 hippogriffs
  A steam dragon (Lair:5)
  A warg (Orc:2)
  A tengu zombie (D:15)
  3 mottled dragons
  A soldier ant (D:15)
  16 water moccasins
  10 porcupines
  A swamp drake (Lair:5)
  A sky beast (D:7)
  2 eyes of draining
  41 orc warriors
  4 phantoms
  2 wasps
  2 necrophages (D:11)
  4 ice beasts
  21 ogres
  8 wolves
  3 centaurs
  15 crocodiles
  2 big kobolds
  23 giant frogs
  2 gnoll sergeants (D:8)
  5 earth elementals
  A scorpion (D:8)
  14 killer bees
  A water moccasin skeleton (D:12)
  9 wights
  An electric eel (Lair:5)
  6 crimson imps
  3 giant frog zombies
  A quasit (D:12)
  2 jellies
  2 gnoll shamans
  32 orc priests
  4 giant frog skeletons
  6 hounds
  26 orc wizards
  9 centaur skeletons
  An iron imp (D:5)
  9 iguanas
  5 worker ants
  26 sheep
  4 big kobold zombies (Ossuary)
  A hound zombie (D:10)
  A mummy (Ossuary)
  2 worker ant zombies
  Robin (D:2)
  16 gnolls
  9 adders
  36 river rats
  4 shadow imps
  An ooze (D:1)
  An adder skeleton (D:9)
  An adder zombie (D:9)
  A worm (D:4)
  2 dart slugs
  6 giant geckos
  108 orcs
  5 spectral bats (Ossuary)
  7 giant cockroaches
  13 goblins
  8 hobgoblins
  4 jackals (D:3)
  6 quokkas
  2 ball pythons
  6 bats
  3 bat simulacra (Ossuary)
  2 giant gecko skeletons
  6 giant newts
  7 gnoll zombies (Ossuary)
  4 goblin simulacra (Ossuary)
  5 goblin zombies (Ossuary)
  5 hobgoblin zombies (Ossuary)
  12 kobolds
  5 kobold simulacra (Ossuary)
  5 kobold zombies (Ossuary)
  2 orc zombies (Ossuary)
  6 rats
  2 rat simulacra (Ossuary)
  6 spectral goblins (Ossuary)
  A spectral kobold (Ossuary)
  A bush (D:15)
  A fungus (Lair:7)
  2 plants (Lair:5)
888 creatures vanquished.

Vanquished Creatures (others)
  An orc warlord (Orc:2)
  A death yak (Lair:4)
  A tengu warrior (D:13)
  A deep elf knight (Elf:1)
  An oklob plant (Lair:1)
  A deep elf mage (Elf:1)
  A tengu conjurer (D:13)
  A gnoll zombie (Ossuary)
  An orc zombie (Ossuary)
  9 bushes (D:15)
  8 fungi
  8 plants
34 creatures vanquished.

Grand Total: 922 creatures vanquished

Notes
Turn   | Place    | Note
--------------------------------------------------------------
     0 | Abyss:1  | Gargoyl the Demonspawn Abyssal Knight began the quest for the Orb.
     0 | Abyss:1  | Reached XP level 1. HP: 18/18 MP: 2/2
    71 | Abyss:1  | Noticed a blizzard demon
    79 | D:1      | Escaped the Abyss
   537 | D:1      | Gained mutation: You regenerate a little health from kills. [demonic ancestry]
   537 | D:1      | Reached XP level 2. HP: 13/24 MP: 4/4
   786 | D:1      | Reached skill level 1 in Dodging
   792 | D:1      | Reached * piety under Lugonu
   999 | D:1      | Reached skill level 3 in Invocations
  1392 | D:2      | Reached XP level 3. HP: 25/29 MP: 5/5
  1704 | D:2      | Noticed Robin
  1725 | D:2      | Killed Robin
  1736 | D:2      | Gained mutation: You regenerate health from kills. [demonic ancestry]
  1736 | D:2      | Reached XP level 4. HP: 35/35 MP: 6/6
  1741 | D:2      | Reached ** piety under Lugonu
  1893 | D:2      | Found a sacrificial altar of Ru.
  2210 | D:2      | Found a shadowy altar of Dithmenos.
  2582 | D:3      | Found a glowing golden altar of the Shining One.
  3142 | D:4      | Gained mutation: You are partially covered in sharp spines. [demonic ancestry]
  3142 | D:4      | Reached XP level 5. HP: 39/41 MP: 7/7
  3158 | D:4      | Reached skill level 4 in Invocations
  3193 | D:4      | Found a blossoming altar of Fedhas.
  3436 | D:4      | Found a basalt altar of Yredelemnul.
  3530 | D:4      | Found a sand-covered staircase.
  3539 | Ossuary  | Entered an ossuary
  3558 | Ossuary  | Reached *** piety under Lugonu
  3846 | Ossuary  | Reached XP level 6. HP: 48/48 MP: 9/9
  3870 | Ossuary  | Reached **** piety under Lugonu
  4262 | D:5      | Entered Level 5 of the Dungeon
  4332 | D:5      | Found a staircase to the Ecumenical Temple.
  4389 | D:5      | Reached XP level 7. HP: 54/54 MP: 10/10
  4457 | D:5      | Reached skill level 1 in Shields
  4543 | D:5      | Found a snail-covered altar of Cheibriados.
  4662 | D:5      | Found a sparkling altar of Nemelex Xobeh.
  4933 | D:6      | Reached skill level 5 in Invocations
  5161 | D:6      | Reached skill level 5 in Armour
  5598 | D:6      | Reached ***** piety under Lugonu
  5668 | D:7      | Gained mutation: You are partially covered in large bone plates (AC +2, SH +2). [demonic ancestry]
  5668 | D:7      | Reached XP level 8. HP: 61/61 MP: 11/11
  5810 | D:7      | You fall through a shaft for 3 floors!
  5810 | D:10     | Entered Level 10 of the Dungeon
  5819 | D:10     | Reached skill level 5 in Fighting
  5849 | D:10     | Reached skill level 6 in Invocations
  5872 | D:9      | Found a radiant altar of Vehumet.
  5882 | D:9      | Noticed a two-headed ogre
  5891 | D:9      | Killed a two-headed ogre
  6060 | D:9      | Reached XP level 9. HP: 61/68 MP: 13/13
  6126 | D:9      | Noticed a troll
  6136 | D:9      | Killed a troll
  6136 | D:9      | Reached skill level 5 in Axes
  6163 | D:9      | Reached skill level 7 in Invocations
  6424 | D:7      | Found Rurcheoc's Weapon Boutique.
  6450 | D:7      | Noticed Joseph
  6469 | D:7      | Killed Joseph
  6568 | D:7      | Found an opulent altar of Gozag.
  6619 | D:7      | Got a wavering diamond amulet
  6620 | D:7      | Identified the amulet of Inivutou {Gourm Dex+3} (You found it on level 7 of the Dungeon)
  6928 | D:7      | Found an iron altar of Okawaru.
  7051 | D:7      | Gained mutation: You regenerate a lot of health from kills. [demonic ancestry]
  7051 | D:7      | Reached XP level 10. HP: 68/76 MP: 15/15
  7098 | D:8      | Reached skill level 8 in Invocations
  7135 | D:8      | Found an oddly glowing altar of Pakellas.
  7188 | D:8      | Found a shattered altar of Ashenzari.
  7252 | D:8      | Found a deep blue altar of Sif Muna.
  7305 | D:8      | Reached ****** piety under Lugonu
  7339 | D:8      | Found a blossoming altar of Fedhas.
  7460 | D:8      | Identified a scroll of acquirement
  7516 | D:8      | Found Harphiff's Assorted Antiques.
  7521 | D:8      | Bought a potion of curing for 57 gold pieces
  7521 | D:8      | Bought a scroll of teleportation for 57 gold pieces
  7578 | D:8      | Bought a scroll labeled LUYTWUYRHE for 19 gold pieces
  7578 | D:8      | Bought a scroll labeled REXEDA XIAL for 19 gold pieces
  7736 | D:8      | Found an oddly glowing altar of Pakellas.
  8136 | D:9      | Found an ancient bone altar of Kikubaaqudgha.
  8451 | D:10     | Reached skill level 5 in Shields
  8684 | D:10     | Reached skill level 9 in Invocations
  9116 | D:11     | Noticed a red ugly thing
  9120 | D:11     | Noticed a manticore
  9134 | D:11     | Killed a red ugly thing
  9139 | D:11     | Killed a manticore
  9185 | D:11     | Found a staircase to the Lair.
  9282 | D:11     | Gained mutation: You are mostly covered in large bone plates (AC +3, SH +3). [demonic ancestry]
  9282 | D:11     | Reached XP level 11. HP: 81/81 MP: 18/18
  9325 | D:11     | Noticed a hill giant
  9335 | D:11     | Killed a hill giant
  9728 | Lair:1   | Entered Level 1 of the Lair of Beasts
  9786 | Lair:1   | Found a glowing golden altar of the Shining One.
  9786 | Lair:1   | Noticed an oklob plant
  9803 | Lair:1   | Reached skill level 1 in Evocations
  9946 | Lair:1   | Reached skill level 10 in Invocations
 10629 | Lair:1   | Banished an oklob plant
 11063 | Lair:2   | Noticed Erica
 11075 | Lair:2   | Killed Erica
 11256 | Lair:2   | Found a glowing silver altar of Zin.
 11430 | Lair:2   | Reached skill level 10 in Armour
 11595 | Lair:2   | Gained mutation: You are dopey. (Int -2) [potion of mutation]
 11595 | Lair:2   | Gained mutation: Scrolls take you a little longer to read. [potion of mutation]
 11595 | Lair:2   | Gained mutation: You expend magic power (3 MP) to strengthen your wands. [potion of mutation]
 11597 | Lair:2   | Gained mutation: You occasionally shout uncontrollably at your foes. [potion of mutation]
 11597 | Lair:2   | Gained mutation: You are frail (-10% HP). [potion of mutation]
 11598 | Lair:2   | Lost mutation: You are frail (-10% HP). [potion of cure mutation]
 11598 | Lair:2   | Lost mutation: You occasionally shout uncontrollably at your foes. [potion of cure mutation]
 11598 | Lair:2   | Lost mutation: You are dopey. (Int -2) [potion of cure mutation]
 11599 | Lair:2   | Lost mutation: Scrolls take you a little longer to read. [potion of cure mutation]
 11599 | Lair:2   | Lost mutation: You expend magic power (3 MP) to strengthen your wands. [potion of cure mutation]
 11933 | Lair:3   | Found a shimmering altar of Xom.
 12116 | Lair:3   | Gained mutation: You have sharp fingernails. [demonic ancestry]
 12116 | Lair:3   | Reached XP level 12. HP: 82/91 MP: 20/20
 12146 | Lair:3   | Reached skill level 11 in Invocations
 12253 | Lair:3   | Reached skill level 5 in Dodging
 12549 | Lair:3   | Noticed a seven-headed hydra
 12560 | Lair:3   | Killed a three-headed hydra
 13868 | Lair:5   | Found a hole to the Spider Nest.
 13972 | Lair:5   | Noticed a death yak
 13973 | Lair:5   | Noticed a death yak
 13974 | Lair:5   | Noticed a death yak
 13975 | Lair:5   | Noticed a death yak
 14007 | Lair:4   | Banished a death yak
 14447 | Lair:4   | Killed a death yak
 14447 | Lair:4   | Reached skill level 12 in Invocations
 14447 | Lair:4   | Gained mutation: You have very sharp fingernails. [demonic ancestry]
 14447 | Lair:4   | Reached XP level 13. HP: 25/99 MP: 20/22
 15332 | Lair:6   | Found a staircase to the Shoals.
 15824 | Lair:7   | Reached skill level 10 in Axes
 16065 | Lair:7   | Found a runed door.
 16460 | Lair:7   | Found a viscous altar of Jiyva.
 16461 | Lair:7   | Found a staircase to the Slime Pits.
 16890 | D:12     | Reached skill level 13 in Invocations
 17224 | D:12     | Found a staircase to the Orcish Mines.
 17335 | D:12     | Gained mutation: You have claws for hands. [demonic ancestry]
 17335 | D:12     | Reached XP level 14. HP: 102/108 MP: 23/23
 17610 | Orc:1    | Entered Level 1 of the Orcish Mines
 17749 | Orc:2    | Entered Level 2 of the Orcish Mines
 17827 | Orc:2    | Found a roughly hewn altar of Beogh.
 17845 | Orc:2    | Paralysed by an orc sorcerer for 2 turns
 17853 | Orc:2    | Noticed Dioneo's ghost (journeyman HuFi)
 17893 | Orc:2    | HP: 5/109 [Dioneo's ghost (2)]
 17909 | Orc:2    | Killed Dioneo's ghost
 18407 | Orc:1    | Noticed an orc warlord
 18431 | Orc:1    | Killed an orc warlord
 18452 | Orc:1    | Found a roughly hewn altar of Beogh.
 19489 | Orc:2    | Found a roughly hewn altar of Beogh.
 19531 | Orc:2    | Found a staircase to the Elven Halls.
 19558 | Orc:2    | Found a roughly hewn altar of Beogh.
 19559 | Orc:2    | Found Lazanun's Magic Scroll Boutique.
 19616 | Orc:2    | Reached skill level 10 in Fighting
 19617 | Orc:2    | Found a roughly hewn altar of Beogh.
 19650 | Orc:2    | Bought a scroll of enchant armour for 112 gold pieces
 19650 | Orc:2    | Bought a scroll of teleportation for 45 gold pieces
 19704 | Orc:2    | Found a roughly hewn altar of Beogh.
 19818 | Orc:2    | Found a roughly hewn altar of Beogh.
 19832 | Orc:2    | Found Gaclis's Antique Weapon Emporium.
 19872 | Orc:2    | Noticed an orc warlord
 19905 | Orc:2    | Banished an orc warlord
 20041 | Orc:2    | Found Ecraeco's Antique Armour Shoppe.
 20042 | Orc:2    | Found a roughly hewn altar of Beogh.
 20043 | Orc:2    | Found Pufeihad's Antique Weapon Emporium.
 20050 | Orc:2    | Bought a glowing plate armour for 621 gold pieces
 20056 | Orc:2    | Bought a glowing war axe for 84 gold pieces
 20184 | Orc:2    | Found a roughly hewn altar of Beogh.
 20307 | Elf:1    | Entered Level 1 of the Elven Halls
 20677 | D:13     | Noticed Nessos
 20842 | D:12     | Killed Nessos
 21021 | D:13     | Noticed Sonja
 21093 | D:13     | Found Eluny's Jewellery Boutique.
 21138 | D:13     | Found Cawext's Magic Scroll Boutique.
 21173 | D:13     | Bought a scroll of acquirement for 780 gold pieces
 21173 | D:13     | Bought a scroll of teleportation for 45 gold pieces
 21173 | D:13     | Bought a scroll of teleportation for 45 gold pieces
 21173 | D:13     | Bought 2 scrolls of teleportation for 90 gold pieces
 21173 | D:13     | Bought a scroll of teleportation for 45 gold pieces
 21175 | D:13     | Got a translucent cloak
 21186 | D:13     | Identified the +2 cloak "Foidoh" {rC+ MR++} (You acquired it on level 13 of the Dungeon)
 21231 | D:13     | Reached skill level 14 in Invocations
 21240 | D:13     | Found Zagaon's Weapon Emporium.
 21482 | D:13     | Found Bauchowa's Magic Scroll Emporium.
 21485 | D:13     | Bought a scroll of enchant armour for 97 gold pieces
 21485 | D:13     | Bought a scroll of enchant weapon for 97 gold pieces
 21485 | D:13     | Bought a scroll of teleportation for 39 gold pieces
 21485 | D:13     | Bought 2 scrolls of enchant weapon for 195 gold pieces
 21604 | D:13     | Cast into level 2 of the Abyss (Sonja)
 21636 | D:13     | Escaped the Abyss
 21938 | D:13     | Found Piemo's Magic Scroll Shop.
 22024 | D:13     | Killed Sonja
 22320 | D:14     | Found Orphees's Jewellery Shop.
 22336 | D:14     | Found Tuhymmen's Gadget Boutique.
 22390 | D:14     | Found Ytte's Magic Scroll Boutique.
 22424 | D:14     | You fall through a shaft!
 22424 | D:15     | Entered Level 15 of the Dungeon
 22452 | D:15     | Reached skill level 10 in Shields
 22452 | D:15     | Reached XP level 15. HP: 102/117 MP: 25/25
 22687 | D:15     | Found a staircase to the Depths.
 24789 | Elf:2    | Reached skill level 15 in Invocations
 24982 | Elf:2    | Found a huge runed gate.
 24982 | Elf:2    | Found a huge runed gate.
 24982 | Elf:2    | Found a huge runed gate.
 24982 | Elf:2    | Found a huge runed gate.
 24985 | Elf:2    | Found a huge runed gate.
 24988 | Elf:2    | Reached skill level 1 in Throwing
 25126 | Elf:2    | HP: 2/119 [dire flail of holy wrath (11)]
 25126 | Elf:2    | Mangled by a dire flail of holy wrath

Skill      XL: |  1  2  3  4  5  6  7  8  9 10 11 12 13 14 15 |
---------------+----------------------------------------------+-----
Axes           | 2 3 4 5 6 7 9 10 11 12 | 12.6
Armour         | 2 3 4 5 6 7 9 10 11 12 13 | 13.5
Dodging        | 1 2 3 4 5 6 |  6.0
Invocations    | 3 4 5 6 7 9 10 12 13 14 15 | 15.1
Fighting       | 4 5 6 7 8 9 10 11 | 11.2
Shields        | 1 3 4 5 6 7 8 10 | 10.6
Evocations     | 1 |  1.0
Throwing       | 1 |  1.0

Action                   |  1- 3 |  4- 6 |  7- 9 | 10-12 | 13-15 || total
-------------------------+-------+-------+-------+-------+-------++-------
Melee: Hand axe          |   129 |   273 |       |       |       ||   402
       War axe           |       |    19 |    20 |       |       ||    39
       Broad axe         |       |       |   269 |   765 |  1566 ||  2600
       Unarmed           |       |       |     2 |       |       ||     2
Throw: Tomahawk          |       |       |       |       |     5 ||     5
Invok: Depart the Abyss  |     1 |       |       |       |     1 ||     2
       Banish            |       |       |       |     3 |     4 ||     7
       Bend Space        |       |       |       |       |     2 ||     2
Evoke: Wand              |       |     2 |       |     6 |       ||     8
  Use: Scroll            |       |    11 |     2 |    17 |    11 ||    41
       Potion            |       |     2 |     1 |    17 |    10 ||    30
  Eat: Fruit             |     3 |       |       |       |       ||     3
       Chunk             |       |     8 |    17 |    27 |    37 ||    89
       Pizza             |       |     1 |       |       |       ||     1
       Beef jerky        |       |       |     1 |       |       ||     1
Armor: Leather armour    |     6 |       |       |       |       ||     6
       Scale mail        |    55 |    53 |       |       |       ||   108
       Chain mail        |       |   172 |   217 |   491 |       ||   880
       Skin              |       |       |       |     1 |       ||     1
       Plate armour      |       |       |       |    13 |  1132 ||  1145
Dodge: Dodged            |    71 |    94 |    61 |   348 |   554 ||  1128
Block: Shield            |       |    71 |   198 |    39 |       ||   308
       Buckler           |       |       |       |   551 |  1134 ||  1685
